 Dungeon Crawl Stone Soup version 0.23-a0-642-g3120c2f (webtiles) character file.

5754 Amnesiac the Carver (level 10, 0/47 HPs)
             Began as a Spriggan Berserker on Dec 30, 2018.
             Was a High Priest of Trog.
             Slain by a six-headed hydra (3 damage)
             ... on level 8 of the Dungeon.
             The game lasted 00:16:57 (8712 turns).

Amnesiac the Carver (Spriggan Berserker)            Turns: 8712, Time: 00:16:58

Health: 0/47       AC:  4    Str: 18    XL:     10   Next: 49%
Magic:  0/17       EV: 24    Int:  9    God:    Trog [*****.]
Gold:   424        SH:  0    Dex: 11    Spells: 9/9 levels left

rFire    + . .     SeeInvis +   w - +9 long sword of the Abyss {slice, MR+ Str+2 Dex-5 SInv}
rCold    . . .     Gourm    .   (shield restricted)
rNeg     . . .     Faith    .   B - +2 robe {rF+}
rPois    .         Spirit   +   (helmet restricted)
rElec    .         Reflect  .   (no cloak)
rCorr    .         Harm     .   (gloves unavailable)
MR       ++...                  (boots unavailable)
Stlth    +++++.....             j - amulet of guardian spirit
HPRegen  0.15/turn              l - ring of stealth
MPRegen  0.15/turn              y - +3 ring of evasion

@: about to teleport, very quick
A: very small, unfitting armour, see invisible, herbivore, speed 3, slow
metabolism 2
a: Berserk, Trog's Hand, Brothers in Arms, Renounce Religion


You were on level 8 of the Dungeon.
You worshipped Trog.
Trog was extremely pleased with you.
You were very full.

You visited 1 branch of the dungeon, and saw 8 of its levels.
You also visited: Ossuary.

You collected 448 gold pieces.
You spent 24 gold pieces at shops.

Inventory:

Hand Weapons
 a - a +1 dagger of draining
 b - a +3 blowgun
 w - the +9 long sword of the Abyss (weapon) {slice, MR+ Str+2 Dex-5 SInv}
   (You found it on level 7 of the Dungeon)

   It inflicts extra damage upon your enemies.
   It affects your strength (+2).
   It affects your dexterity (-5).
   It affects your resistance to hostile enchantments.
   It lets you see invisible.
 P - a +7 arbalest
Missiles
 q - a throwing net (quivered)
 u - 88 poisoned needles
 x - 6 curare-tipped needles
 H - 8 needles of confusion
Armour
 B - a +2 robe of fire resistance (worn)
Jewellery
 j - an amulet of guardian spirit (around neck)
 l - a ring of stealth (left hand)
 n - an uncursed ring of resist corrosion
 t - a +4 ring of dexterity {unknown}
 y - a +3 ring of evasion (right hand)
 C - an uncursed ring of teleportation
 K - an uncursed ring of positive energy {unknown}
Wands
 i - a wand of flame (19)
 m - a wand of iceblast (8)
 O - a wand of random effects (11)
Scrolls
 d - 4 scrolls of teleportation {!r}
 h - 3 scrolls of fog {!r}
 k - 4 scrolls of magic mapping {!r}
 v - 5 scrolls of remove curse {!r}
 D - 5 scrolls of identify {!r}
 E - a scroll of enchant armour {!r}
 G - 2 scrolls of random uselessness {!r, unknown}
 L - a scroll of silence {!r, unknown}
 M - a scroll of summoning {!r, unknown}
Potions
 f - 2 potions of haste {!q, unknown}
 g - 6 potions of curing {!q, unknown}
 o - 2 potions of might {!q}
 p - 2 potions of lignification {!q, unknown}
 r - a potion of degeneration {!q, unknown}
 s - 3 potions of flight {!q, unknown}
 z - 3 potions of heal wounds {!q}
 A - 2 potions of brilliance {!q, unknown}
 F - a potion of cancellation {!q, unknown}
 I - a potion of ambrosia {!q, unknown}
 J - a potion of agility {!q, unknown}
 N - 2 potions of invisibility {!q, unknown}
Comestibles
 c - 9 rations


   Skills:
 - Level 2.4 Fighting
 * Level 10.8 Long Blades
 - Level 8.0 Dodging
 - Level 8.1 Stealth
 - Level 8.2 Evocations


You had 9 spell levels left.
You didn't know any spells.
Your spell library contained the following spells:

 Spells                   Type           Power        Failure   Level  Hunger
 Freeze                   Ice            #...         38%         1    ##.....
 Throw Frost              Conj/Ice       #.....       52%         2    ###....
 Ozocubu's Armour         Chrm/Ice       #.......     77%         3    ####...
 Summon Ice Beast         Ice/Summ       #.......     99%         4    #####..
 Throw Icicle             Conj/Ice       #.......     99%         4    #####..


Dungeon Overview and Level Annotations

Branches:
Dungeon (8/15)             Temple (0/1) D:5
   Lair: D:8-11

Altars:
Fedhas
Gozag
Hepliaklqana
Ru
Uskayaw
Yredelemnul
The Shining One

Shops:
D:2 *   D:4 *


Innate Abilities, Weirdness & Mutations

You are very small and have problems with some larger weapons.
You are too small for most types of armour.
You have supernaturally acute eyesight. (SInv)
You are a herbivore.
You cover ground extremely quickly.
You need to consume almost no food.


Message History

The bullfrog skeleton completely misses you.
You hit the bullfrog skeleton.
The bullfrog skeleton is heavily damaged.
The bullfrog skeleton hits you.
You barely miss the bullfrog skeleton.
The bullfrog skeleton is heavily damaged.
The bullfrog skeleton barely misses you.
You slice the bullfrog skeleton!!
You destroy the bullfrog skeleton!
Trog accepts your kill.
The soldier ant twitches its antennae in your direction.
The soldier ant misses you.
You hit the soldier ant but do no damage.
The six-headed hydra roars!
You hit the soldier ant but do no damage.
You hear a croak.
Evoke which item? (* to show all) (? for menu, Esc to quit)
Aiming: Random Effects
Press: ? - help, Shift-Dir - straight line, f/p - six-headed hydra
Aim: a six-headed hydra (fast)
The puff of frost hits the six-headed hydra.
The six-headed hydra is lightly wounded.
Really read
e - 2 scrolls of fear {!r}?
As you read the scroll of fear {!r}, it crumbles to dust.
You assume a fearsome visage.
The six-headed hydra resists with some effort.
The six-headed hydra bites you!
The six-headed hydra bites you but does no damage.
The six-headed hydra completely misses you. x3
The six-headed hydra bites you.
Really read
e - a scroll of fear {!r}?
As you read the scroll of fear {!r}, it crumbles to dust.
You assume a fearsome visage.
The six-headed hydra easily resists.
The six-headed hydra bites you. The six-headed hydra misses you.
The six-headed hydra bites you but does no damage.
The six-headed hydra completely misses you.
The six-headed hydra bites you!
The six-headed hydra completely misses you.
The six-headed hydra closely misses you.
You riposte.
You slice the six-headed hydra!!
The six-headed hydra is moderately wounded.
The six-headed hydra closely misses you.
The six-headed hydra completely misses you. x2
The six-headed hydra misses you. The six-headed hydra bites you.
* * * LOW HITPOINT WARNING * * *
Really read
d - 5 scrolls of teleportation {!r}?
As you read the scroll of teleportation {!r}, it crumbles to dust.
You feel strangely unstable. The six-headed hydra bites you.
* * * LOW HITPOINT WARNING * * *
The six-headed hydra misses you.
The six-headed hydra completely misses you.
The six-headed hydra bites you!
* * * LOW HITPOINT WARNING * * *
The six-headed hydra bites you.
* * * LOW HITPOINT WARNING * * *
The six-headed hydra bites you!
* * * LOW HITPOINT WARNING * * *
Really read
E - 2 scrolls labeled UTHIRHOSIUM {!r}?
As you read the scroll labeled UTHIRHOSIUM {!r}, it crumbles to dust.
It is a scroll of enchant armour.
You aren't carrying any armour which can be enchanted further.
The six-headed hydra closely misses you. x2
The six-headed hydra bites you.
You die...

......##...#.##.#.##.##.##.......
...........###a##.#.##...##..##..
.##..####...#..#.##.##...##...##.
....## #...##.#.#.##.#'#.##..#..
.##.# #....#.a##.##.#.#.##.....
###.# #.##.##.#.##.##.##.##...#
###.# ##...÷.###.##.#.)†#.##...#
##..####..#...##D##.##...##.##.##
##........##...#@##.#.....#.##.##
....#####.##...#############..###
#..............##################
......###.##.........(...........
.#...## #.........#######.#######
.##.## #.........#######.###
###.# #.........##........# # #.#
####...#####.###..#.# ##'## #...#
#.# #.##.#


You could see a six-headed hydra.

Vanquished Creatures
  A two-headed ogre (D:8)
  Pikel (D:5)
  Joseph (D:8)
  Grinder (D:5)
  A wyvern (D:8)
  Eustachio (D:5)
  A hungry ghost (D:7)
  3 orc warriors
  A black bear (D:8)
  2 ice beasts
  3 sky beasts
  A phantom (D:6)
  2 slaves (D:5)
  A necrophage (D:8)
  7 ogres
  A centaur (D:5)
  2 big kobolds (D:7)
  4 bullfrogs
  3 howler monkeys (D:7)
  8 crimson imps
  A bullfrog zombie (D:5)
  4 hounds
  A quasit (D:8)
  5 jellies (D:8)
  2 orc priests
  8 orc wizards
  2 bullfrog skeletons (D:8)
  Ijyb (D:5)
  An iguana (D:5)
  6 worker ants
  A big kobold zombie (Ossuary)
  3 mummies (Ossuary)
  Robin (D:2)
  10 adders
  4 shadow imps
  7 oozes
  2 adder zombies
  A worm (D:2)
  A dart slug (D:2)
  A leopard gecko (D:3)
  20 orcs
  6 giant cockroaches
  12 goblins
  10 hobgoblins
  12 jackals
  17 kobolds
  7 quokkas
  A ball python skeleton (D:4)
  4 bats
  6 frilled lizards
  2 goblin skeletons (D:7)
  5 goblin zombies
  9 hobgoblin zombies
  A kobold skeleton (D:7)
  2 kobold zombies (D:7)
  2 orc skeletons (D:7)
  An orc zombie (D:7)
  A quokka skeleton (D:4)
  6 quokka zombies (Ossuary)
  4 rats
  2 rat zombies (Ossuary)
237 creatures vanquished.

Notes
Turn   | Place    | Note
-------+----------+-------------------------------------------
     0 | D:1      | Amnesiac the Spriggan Berserker began the quest for the
                  | Orb.
     0 | D:1      | Reached XP level 1. HP: 11/11 MP: 2/2
    94 | D:1      | Reached skill level 1 in Stealth
   215 | D:1      | Reached XP level 2. HP: 10/16 MP: 3/3
   759 | D:2      | Found a blossoming altar of Fedhas.
   766 | D:2      | Found an opulent altar of Gozag.
   766 | D:2      | Found Gozag's Platinum Reserve.
   771 | D:2      | Reached ** piety under Trog
  1163 | D:2      | Reached skill level 3 in Long Blades
  1169 | D:2      | Reached skill level 5 in Dodging
  1169 | D:2      | Reached XP level 3. HP: 19/19 MP: 4/4
  1701 | D:2      | Noticed Robin
  1727 | D:2      | Killed Robin
  1727 | D:2      | Reached XP level 4. HP: 14/23 MP: 2/5
  2313 | D:3      | Reached *** piety under Trog
  2456 | D:3      | Reached XP level 5. HP: 15/27 MP: 3/6
  2509 | D:3      | Reached skill level 4 in Long Blades
  2913 | D:4      | Noticed an ogre
  2954 | D:4      | Killed an ogre
  2954 | D:4      | Reached XP level 6. HP: 11/32 MP: 5/7
  3228 | D:4      | Found Ifota's General Store.
  3243 | D:4      | Bought a scroll of fog for 24 gold pieces
  3472 | D:4      | Reached skill level 5 in Stealth
  3876 | D:5      | Entered Level 5 of the Dungeon
  3895 | D:5      | Reached skill level 5 in Long Blades
  3895 | D:5      | Reached XP level 7. HP: 35/35 MP: 8/8
  4192 | D:5      | Noticed Eustachio
  4615 | D:5      | Noticed Grinder
  4647 | D:5      | Killed Grinder
  4647 | D:5      | Reached skill level 1 in Evocations
  4722 | D:5      | Reached skill level 6 in Long Blades
  4722 | D:5      | Reached XP level 8. HP: 37/39 MP: 10/10
  4750 | D:5      | Noticed Pikel
  4762 | D:5      | Found a staircase to the Ecumenical Temple.
  4812 | D:5      | Killed Pikel
  4867 | D:5      | Noticed Ijyb
  4923 | D:5      | Killed Ijyb
  4983 | D:5      | Reached **** piety under Trog
  4983 | D:5      | Reached skill level 7 in Long Blades
  5064 | D:5      | Killed Eustachio
  5064 | D:5      | Reached skill level 5 in Evocations
  5489 | D:6      | Reached XP level 9. HP: 43/43 MP: 13/13
  5592 | D:6      | Found a sacrificial altar of Ru.
  5684 | D:6      | Found a sand-covered staircase.
  5943 | D:6      | Reached skill level 8 in Long Blades
  6010 | Ossuary  | Entered an ossuary
  6420 | D:7      | Found a hide-covered altar of Uskayaw.
  6507 | D:7      | Reached ***** piety under Trog
  6605 | D:7      | Found a glowing golden altar of the Shining One.
  6746 | D:7      | Received a gift from Trog
  6761 | D:7      | Found a hazy altar of Hepliaklqana.
  6860 | D:7      | Reached skill level 9 in Long Blades
  7207 | D:7      | Found a basalt altar of Yredelemnul.
  7218 | D:7      | Got an ichor-stained long sword
  7584 | D:8      | Noticed Joseph
  7588 | D:8      | Killed Joseph
  7588 | D:8      | Reached XP level 10. HP: 47/47 MP: 15/17
  8190 | D:8      | Found a runed door.
  8191 | D:8      | Found a runed door.
  8192 | D:8      | Noticed a two-headed ogre
  8194 | D:8      | Found a runed door.
  8247 | D:8      | Killed a two-headed ogre
  8247 | D:8      | Reached skill level 10 in Long Blades
  8281 | D:8      | Received a gift from Trog
  8384 | D:8      | Identified the +9 long sword of the Abyss {slice, MR+ Str+2
                  | Dex-5 SInv} (You found it on level 7 of the Dungeon)
  8556 | D:8      | Found a runed door.
  8650 | D:8      | Noticed a six-headed hydra
  8712 | D:8      | Slain by a six-headed hydra

Vault maps used:
D:1:      matt_arrival_diagonals, minmay_cupped
D:2:      fedhas_altar_2, minmay_misc_feat_plants,
          nicolae_gozag_zags_fifth_avenue, uniq_robin
D:4:      serial_shops, shop, serial_rivers, chequers_serial_rivers_micro_a,
          chequers_serial_rivers_large_a, chequers_serial_rivers_micro_d,
          chequers_serial_rivers_micro_b, chequers_serial_rivers_room_b,
          chequers_serial_rivers_marsh, first_ration,
          chequers_serial_rivers_micro_c, patterned_corridor
D:5:      nicolae_overflow_hidden_temple, minmay_temple_entry_hall,
          minmay_quadrilaterals, uniq_pikel, uniq_grinder, uniq_eustachio,
          uniq_ijyb
D:6:      enter_ossuary_3, minivault_23, nicolae_ru_path_of_blood
D:7:      kennysheep_mini, yredelemnul_altar_generic, overflow_temple_1_default,
          nicolae_tso_besieged_by_evil
D:8:      minmay_the_grid_triangle_9x9_rhombus_full,
          hangedman_little_slice_of_home, uniq_joseph
Ossuary:  ossuary_minmay_chase

Skill      XL: |  1  2  3  4  5  6  7  8  9 10 |
---------------+-------------------------------+-----
Stealth        | 1 2 3 4 5 6 8 |  8.1
Long Blades    | 3 4 5 6 7 9 10 | 10.8
Dodging        | 5 6 7 8 |  8.0
Evocations     | 2 5 8 |  8.2
Fighting       | |  2.4

Action                   |  1- 3 |  4- 6 |  7- 9 | 10-12 || total
-------------------------+-------+-------+-------+-------++-------
Melee: Falchion          |    24 |     3 |   158 |       ||   185
       Dagger            |    84 |   141 |   454 |   162 ||   841
       Long sword        |       |       |       |    27 ||    27
 Fire: Blowgun           |       |     7 |       |       ||     7
Invok: Berserk           |       |     3 |     4 |       ||     7
Evoke: Wand              |       |       |       |     6 ||     6
  Use: Scroll            |     4 |       |     4 |     4 ||    12
 Stab: Sleeping          |     4 |     8 |    29 |    10 ||    51
       Distracted        |       |       |     2 |       ||     2
  Eat: Ration            |       |     2 |     6 |     2 ||    10
Armor: Animal skin       |     5 |     5 |     2 |       ||    12
       Robe              |       |       |    22 |     5 ||    27
Dodge: Dodged            |    75 |    89 |   515 |   121 ||   800
       Rpst.: Falchion   |    13 |     1 |    33 |       ||    47
       Long sword        |       |       |       |     5 ||     5

Table legend:
 A = Non-vault XP
 B = Vault XP
 C = Vault XP percentage of total XP
 D = Non-vault monster count
 E = Vault monster count
 F = Vault count percentage of total count
                 A         B        C        D         E       F
            +---------+---------+-------+---------+---------+-------
      Total |    3992 |    4228 |  51.4 |     143 |      92 |  39.1
            +---------+---------+-------+---------+---------+-------
        D:1 |      16 |       7 |  30.4 |       7 |       5 |  41.7
        D:2 |      43 |      34 |  44.2 |      16 |      11 |  40.7
        D:3 |     168 |       0 |   0.0 |      24 |       0 |   0.0
        D:4 |     384 |       0 |   0.0 |      19 |       0 |   0.0
        D:5 |     832 |    1283 |  60.7 |      19 |       8 |  29.6
        D:6 |     646 |       1 |   0.2 |      15 |       1 |   6.2
        D:7 |    1333 |      25 |   1.8 |      35 |      14 |  28.6
        D:8 |     570 |    2779 |  83.0 |       8 |      32 |  80.0
    Ossuary |       0 |      99 | 100.0 |       0 |      21 | 100.0
            +---------+---------+-------+---------+---------+-------
